 Dungeon Crawl Stone Soup version 0.17-a0-1311-gbcbd859 (webtiles) character file.

109 Fluffy the Basher (level 4, 0/28 HPs)
             Began as a Gargoyle Fighter on June 8, 2015.
             Was an Initiate of Okawaru.
             Slain by Sigmund
             ... wielding a cursed +0 scythe
              (2 damage)
             ... on level 3 of the Dungeon.
             The game lasted 00:03:15 (1367 turns).

Fluffy the Basher (Gargoyle Fighter)                Turns: 1367, Time: 00:03:15

Health: 0/28       AC: 12    Str: 20    XL:     4   Next: 89%
Magic:  3/10       EV:  5    Int:  8    God:    Okawaru [......]
Gold:   118        SH:  9    Dex: 10    Spells: 0 memorised, 3 levels left

rFire  . . .     SeeInvis .     a - +0 flail
rCold  . . .     Clarity  .     n - +0 chain mail
rNeg   + . .     SustAt   .     c - +0 shield
rPois  ∞         Gourm    .     (no helmet)
rElec  +         Spirit   .     (no cloak)
rCorr  .         Warding  .     (no gloves)
rMut   .         Stasis   .     (no boots)
MR     .....                    (no amulet)
Stlth  ..........               (no ring)
                                (no ring)

@: not resistant to hostile enchantments, extremely unstealthy
A: negative energy resistance 1, electricity resistance, unbreathing,
petrification resistance, rot immunity, AC +3
a: Renounce Religion


You were on level 3 of the Dungeon.
You worshipped Okawaru.
Okawaru was noncommittal.
You were not hungry.

You visited 1 branch of the dungeon, and saw 3 of its levels.

You collected 118 gold pieces.

Inventory:

Hand weapons
 a - a +0 flail (weapon)
Armour
 c - a +0 shield (worn)
 n - a +0 chain mail (worn)
Scrolls
 f - 3 scrolls of remove curse {unknown}
 h - a scroll of identify {unknown}
 i - a scroll of fear {unknown}
 j - a scroll of teleportation {unknown}
 k - a scroll of enchant armour {unknown}
 l - a scroll of enchant weapon {unknown}
 m - 2 scrolls of random uselessness {unknown}
 q - a scroll of blinking {unknown}
Potions
 d - 2 potions of might
 o - a potion of poison
Comestibles
 e - 5 bread rations
 p - a chunk of flesh
 r - a meat ration


   Skills:
 - Level 3.2 Fighting
 + Level 8.3 Maces & Flails
 - Level 3.2 Armour
 - Level 3.2 Shields
 + Level 8.1 Invocations


You had 3 spell levels left.
You didn't know any spells.

Dungeon Overview and Level Annotations

Branches:
Dungeon (3/15)

Altars:
Ashenzari
Cheibriados
Kikubaaqudgha
Nemelex Xobeh
Okawaru
Vehumet
Yredelemnul

Annotations:
D:3 Sigmund


Innate Abilities, Weirdness & Mutations

You are resistant to torment.
Your stone body is resilient (AC +3).
You are immune to poison.
You resist negative energy.
You are resistant to electric shocks.
You can survive without breathing.
You are immune to petrification.
You are immune to rotting.


Message History

* * * LOW HITPOINT WARNING * * *
Drink which item? (? for menu, Esc to quit)
It was a potion of poison.
You feel slightly nauseous.
Drink which item? (? for menu, Esc to quit)
It was a potion of curing.
You feel better. Something hits you but does no damage. Something hits you.
* * * LOW HITPOINT WARNING * * *
You see here a sapphire potion.
You closely miss something. You block its attack.
You closely miss something. Something hits you.
* * * LOW HITPOINT WARNING * * *
Drink which item? (? for menu, Esc to quit)
It was a potion of experience.
You feel more experienced!
Your Maces & Flails skill gained 5 levels and is now at level 8!
Your Invocations skill gained 7 levels and is now at level 8!
You have reached level 4!
You feel stronger. Something hits you.
You die...

..# #.# #.##.# .
......###.##.## .# ..
#######.......######.#....
#.#.##.>............
#.#..#..####.####.. #
##(#..# #.# .#..####†###
....##.....##.###
#.#####@{......... #..
#...._...### #..
#.........# ##.
#......)...# #######....#
.##.# . . ##


There were no monsters in sight!

Vanquished Creatures
  An adder (D:2)
  2 worms (D:2)
  2 giant geckos
  6 bats
  3 giant cockroaches
  4 hobgoblins
  4 jackals (D:1)
  A ball python (D:3)
  5 goblins
  8 rats
36 creatures vanquished.

Notes
Turn   | Place    | Note
--------------------------------------------------------------
     0 | D:1      | Fluffy the Gargoyle Fighter began the quest for the Orb.
     0 | D:1      | Reached XP level 1. HP: 14/14 MP: 1/1
   135 | D:1      | Reached XP level 2. HP: 17/19 MP: 2/2
   383 | D:1      | Found a shattered altar of Ashenzari.
   719 | D:2      | Reached XP level 3. HP: 16/23 MP: 3/3
   809 | D:2      | Found a basalt altar of Yredelemnul.
   821 | D:2      | Found an iron altar of Okawaru.
   826 | D:2      | Became a worshipper of Warmaster Okawaru
   836 | D:2      | Found a radiant altar of Vehumet.
   936 | D:2      | Found a sparkling altar of Nemelex Xobeh.
  1120 | D:2      | Found an ancient bone altar of Kikubaaqudgha.
  1209 | D:2      | Reached skill level 1 in Invocations
  1336 | D:3      | Found a snail-covered altar of Cheibriados.
  1346 | D:3      | Noticed Sigmund
  1367 | D:3      | Reached skill level 8 in Maces & Flails
  1367 | D:3      | Reached XP level 4. HP: 2/28 MP: 3/10
  1367 | D:3      | Slain by Sigmund

Vault maps used:
D:1:      dpeg_arrival_three_bigger_balls, ashenzari_altar_1
D:2:      nicolae_overflow_quartered_altars, first_bread,
          nemelex_spade_bored_becter
D:3:      corexii_shack_village, lemuel_doored_altar, cheibriados_altar_1,
          uniq_sigmund

Action                   |  1- 3 |  4- 6 || total
-------------------------+-------+-------++-------
Melee: Flail             |   150 |       ||   150
  Use: Potion            |     3 |       ||     3
  Eat: Chunk             |     2 |       ||     2
